 Dungeon Crawl Stone Soup version 0.26-a0-707-g31817bcca1 (webtiles) character file.

Game seed: 11041715191849487350

2801 Notrik the Magician (level 9, -23/74 (78) HPs)
             Began as a Purple Draconian Venom Mage on Oct 26, 2020.
             Was an Initiate of Vehumet.
             Killed by the air
             ... invoked by Gastronok
              (32 damage)
             ... on level 8 of the Dungeon on Oct 27, 2020.
             The game lasted 00:37:19 (12128 turns).

Notrik the Magician (Purple Draconian Venom Mage)  Turns: 12128, Time: 00:37:19

HP:   -23/74 (78)   AC: 11    Str: 10    XL:     9   Next: 44%
MP:   7/19          EV: 12    Int: 19    God:    Vehumet [......]
Gold: 422           SH:  0    Dex: 12    Spells: 8/22 levels left

rFire    . . .     SeeInvis +   q - staff of earth
rCold    . . .     Faith    .   (no shield)
rNeg     . . .     Spirit   .   (armour unavailable)
rPois    +         Reflect  .   (helmet restricted)
rElec    .         Harm     .   f - +0 cloak
rCorr    .         Rampage  .   (no gloves)
MR       +....                  F - +2 pair of boots
Stlth    ++........             (no amulet)
HPRegen  0.22/turn              z - ring of see invisible
MPRegen  0.16/turn              i - ring of poison resistance

@: slowed, very slow
A: breathe power, unfitting armour, cold-blooded, AC +7
a: Breathe Dispelling Energy, Renounce Religion


You were on level 8 of the Dungeon.
You worshipped Vehumet.
Vehumet was noncommittal.
You visited 2 branches of the dungeon, and saw 9 of its levels.

You collected 422 gold pieces.

Inventory:

Hand Weapons
 g - a +4 dagger
   (You found it on level 1 of the Dungeon)
Armour
 f - a +0 cloak (worn)
   (You found it on level 1 of the Dungeon)
 k - a +0 pair of boots
   (You found it on level 2 of the Dungeon)
 w - a scarf of invisibility
   (You found it on level 4 of the Dungeon)
 F - a +2 pair of boots (worn)
   (You found it on level 6 of the Dungeon)
Magical Staves
 h - an uncursed staff of fire
   (You found it on level 2 of the Dungeon)
 q - an uncursed staff of earth (weapon)
   (You found it on level 4 of the Dungeon)
Jewellery
 i - a ring of poison resistance (right hand)
   (You found it on level 2 of the Dungeon)
 l - a -4 ring of strength
   (You found it on level 2 of the Dungeon)
 s - an uncursed ring of stealth
   (You found it on level 3 of the Dungeon)
 z - a ring of see invisible (left hand)
   (You found it on level 3 of the Dungeon)
 E - an uncursed ring of fire {unknown}
   (You found it on level 6 of the Dungeon)
 G - a cursed -4 ring of protection {unknown}
   (You found it on level 6 of the Dungeon)
Wands
 c - a wand of disintegration (10)
   (You found it on level 3 of the Dungeon)
 t - a wand of flame (33)
   (You found it on level 3 of the Dungeon)
 x - a wand of acid (9)
   (You found it on level 6 of the Dungeon)
Scrolls
 a - 2 scrolls of teleportation {@r4}
 d - 4 scrolls of enchant weapon
 e - 6 scrolls of remove curse {@r2}
 m - 2 scrolls of magic mapping {unknown}
 n - a scroll of amnesia {unknown}
 o - a scroll of fog {unknown}
 p - a scroll of random uselessness {unknown}
 v - 2 scrolls of identify {@r1}
 y - a scroll of noise {unknown}
Potions
 b - a potion of ambrosia {unknown}
 j - 4 potions of mutation {!q}
 r - 2 potions of invisibility
 u - 3 potions of curing {@q1}
 A - a potion of haste {unknown}
 B - a potion of degeneration {unknown}
 C - a potion of resistance
 D - 3 potions of stabbing {unknown}
 H - a potion of brilliance


   Skills:
 + Level 6.4 Fighting
 - Level 1.7 Dodging
 - Level 1.7 Stealth
 + Level 7.0 Spellcasting
 + Level 6.1 Transmutations
 + Level 4.7 Air Magic
 + Level 6.7 Poison Magic


You had 8 spell levels left.
You knew the following spells:

 Your Spells              Type           Power        Failure   Level
a - Sting                 Tmut/Pois      ####         1%          1
b - Ignite Poison         Fire/Tmut/Pois ###.....     5%          3
c - Corona                Hex            #......      10%         1
f - Mephitic Cloud        Conj/Pois/Air  ###.....     6%          3
x - Poisonous Vapours     Pois/Air       ####..       1%          2
y - Olgreb's Toxic Radia  Pois           ####....     6%          4

Your spell library contained the following spells:

 Spells                   Type           Power        Failure   Level
 Animate Skeleton         Necr           #.....       10%         1
 Apportation              Tloc           #.....       10%         1
 Magic Dart               Conj           #...         10%         1
 Summon Small Mammal      Summ           #...         10%         1
 Blink                    Tloc           N/A          16%         2
 Call Imp                 Summ           #.......     16%         2
 Slow                     Hex            #.......     16%         2
 Petrify                  Tmut/Erth      ####....     28%         4
 Confusing Touch          Hex            #.......     30%         3
 Conjure Flame            Conj/Fire      #.......     30%         3
 Gell's Gravitas          Tloc           #.........   30%         3
 Yara's Violent Unravell  Hex/Tmut       ###.......   63%         5
 Metabolic Englaciation   Hex/Ice        #.........   95%         5


Dungeon Overview and Level Annotations

Branches:
Dungeon (8/15)             Temple (1/1) D:4
   Lair: D:8-11

Altars:
Ashenzari
Dithmenos
Fedhas
Gozag
Hepliaklqana
Kikubaaqudgha
Makhleb
Nemelex Xobeh
Okawaru
Qazlal
Ru
Sif Muna
Trog
Uskayaw
Vehumet
Wu Jian
Yredelemnul
Zin
The Shining One

Annotations:
D:8 Gastronok


Innate Abilities, Weirdness & Mutations

You can breathe bolts of dispelling energy.
Your rich purple scales are hard. (AC +7)
You cannot fit into any form of body armour.
You are cold-blooded and may be slowed by cold attacks.


Message History

The river rat misses you. x2
Gastronok chants a spell, wobbling all the while.
The river rat barely misses you.
You begin to radiate toxic energy.
Gastronok is poisoned.
The river rat is poisoned.
The bat is poisoned.
You kill the bat!
The bat's corpse disappears in a puff of smoke!
The river rat bites you. The river rat barely misses you.
The river rat looks even sicker.
Your toxic aura wanes.
The adder zombie misses you. The adder zombie bites you.
Gastronok sloshes about.
Gastronok looks more healthy.
You kill the river rat!
The river rat's corpse disappears in a puff of smoke!
The adder zombie barely misses you.
There is an open door here.
There is a stone staircase leading down here.
The adder zombie bites you. The adder zombie closely misses you.
The adder zombie misses you. The adder zombie closely misses you.
The adder zombie barely misses you. The adder zombie misses you.
The adder zombie bites you but does no damage.
The adder zombie bites you but does no damage.
Gastronok chants a spell, wobbling all the while.
Your legs wobble like jelly.
The adder zombie bites you but does no damage.
Gastronok mumbles some strange words.
Your skin takes on a slight green cast.
Gastronok is no longer moving quickly.
The adder zombie bites you but does no damage.
Gastronok waves his eye-stalks in wide circles.
The air twists around and strikes you!!
* * * LOW HITPOINT WARNING * * *
The adder zombie bites you but does no damage.
Gastronok gurgles, "You're how I like my food.
Fast!"
The adder zombie bites you but does no damage.
The adder zombie barely misses you. The adder zombie closely misses you.
You closely miss the adder zombie. The adder zombie closely misses you.
Gastronok waves his eye-stalks in wide circles.
The air twists around and strikes you!!
* * * LOW HITPOINT WARNING * * *
You closely miss the adder zombie. The adder zombie misses you.
The adder zombie closely misses you.
Gastronok waves his eye-stalks in wide circles.
The air twists around and strikes you!!
You die...

# #.#..........# #..........# #
#.#..........# #....^.....# #
#.#.#'######## #..........# #
#...#.# #........(.# ########.###
#..........# #..........#
#..........# #..........#
############
#..........######################
..........w....Z@................
########.########################
########.#############......#####
.w..........................'.Zw.
.#'#####.#########.###......#####
....# #.# #.# #......#### ....#
#.# #.# #.........# ....#
#.#########.####'#......#
#...####................#......#


You could see Gastronok and an adder zombie.

Vanquished Creatures
  Grinder (D:3)
  2 orc warriors
  A phantom (D:8)
  A necrophage (D:7)
  4 ogres
  3 centaurs
  3 bullfrogs
  2 scorpions
  9 killer bees
  5 wights (D:6)
  3 howler monkeys
  A bullfrog zombie (D:8)
  A jelly (D:5)
  6 hounds
  An orc priest (D:4)
  Jessica (D:3)
  3 orc wizards
  3 worker ants
  3 hound zombies
  9 adders
  A white imp (D:7)
  An ufetubus (D:8)
  2 adder skeletons
  A leopard gecko (D:5)
  9 orcs
  A ball python (D:1)
  15 bats
  5 giant cockroaches
  9 goblins
  5 hobgoblins
  6 jackals
  A quokka (D:8)
  A frilled lizard (D:2)
  A jackal zombie (D:7)
  6 kobolds
  2 leopard gecko skeletons
  A quokka zombie (D:5)
  7 rats
136 creatures vanquished.

Notes
Turn   | Place    | Note
-------+----------+-------------------------------------------
     0 | D:1      | Notrik the Draconian Venom Mage began the quest for the
                  | Orb.
     0 | D:1      | Reached XP level 1. HP: 14/14 MP: 3/3
   214 | D:1      | Reached XP level 2. HP: 2/22 MP: 0/5
   703 | D:1      | Reached skill level 1 in Fighting
  1274 | D:2      | Reached XP level 3. HP: 28/28 MP: 4/6
  2267 | D:2      | Found a basalt altar of Yredelemnul.
  2472 | D:2      | Found a glowing golden altar of the Shining One.
  2474 | D:2      | Noticed an angel
  2677 | D:2      | Noticed a profane servitor
  2832 | D:3      | Reached XP level 4. HP: 36/36 MP: 5/7
  2921 | D:3      | Noticed Grinder
  2931 | D:3      | Paralysed by Grinder for 3 turns
  2951 | D:3      | Paralysed by Grinder for 7 turns
  2954 | D:3      | Killed Grinder
  2954 | D:3      | Reached skill level 3 in Spellcasting
  2954 | D:3      | Reached XP level 5. HP: 24/45 MP: 0/10
  2954 | D:3      | Reached XP level 6. HP: 28/51 MP: 0/11
  3116 | D:3      | Noticed Jessica
  3127 | D:3      | Killed Jessica
  3628 | D:3      | Found a faded altar of an unknown god.
  4052 | D:4      | Learned a level 2 spell: Poisonous Vapours
  4056 | D:4      | Learned a level 3 spell: Ignite Poison
  4061 | D:4      | Learned a level 4 spell: Olgreb's Toxic Radiance
  4166 | D:4      | Found a staircase to the Ecumenical Temple.
  4173 | Temple   | Entered the Ecumenical Temple
  5139 | D:4      | Reached skill level 1 in Air Magic
  5139 | D:4      | Your scales start taking on a rich purple colour.
  5139 | D:4      | Reached skill level 4 in Spellcasting
  5139 | D:4      | Reached XP level 7. HP: 37/58 MP: 6/14
  5696 | D:5      | Entered Level 5 of the Dungeon
  5707 | D:5      | Learned a level 3 spell: Mephitic Cloud
  5844 | D:5      | Reached skill level 5 in Spellcasting
  5844 | D:5      | Reached skill level 5 in Poison Magic
  5963 | D:5      | Found an ancient bone altar of Kikubaaqudgha.
  6071 | D:5      | Found a bloodstained altar of Trog.
  6071 | D:5      | Found a glowing silver altar of Zin.
  6470 | D:5      | Reached XP level 8. HP: 65/67 MP: 0/16
  7138 | D:6      | Found a radiant altar of Vehumet.
  7147 | D:6      | Became a worshipper of Vehumet
  8090 | D:6      | Reached skill level 5 in Fighting
  8416 | D:7      | Reached skill level 6 in Spellcasting
  8416 | D:7      | Reached skill level 5 in Transmutations
  9247 | D:7      | Reached XP level 9. HP: 68/75 MP: 12/18
 10659 | D:7      | Learned a level 1 spell: Corona
 11508 | D:8      | Noticed Gastronok
 11852 | D:8      | Reached skill level 7 in Spellcasting
 12128 | D:8      | Killed from afar by Gastronok

Illustrated notes

Levels and vault maps discovered:
D:1:      matt_arrival_refuge, layout_rooms, minivault_4
D:2:      layout_loops_ring, grunt_temple_overflow_holy_war,
          serial_co_window_serial, co_window_cross_1, co_window_paths_a,
          co_window_of_opportunity_a, co_window_corner_a, co_window_paths_a,
          co_window_of_opportunity_a, co_window_2corner, co_window_broadway_c,
          co_window_corner_cb, co_window_unsneaky_path_b,
          co_window_unsneaky_path_e, co_window_sun, glass_columns_a,
          glass_columns_b, glass_columns_b, glass_columns_b, grunt_ministairs_2,
          minmay_stone_trees_small
D:3:      layout_loops_ring, chequers_ecumenical_altar_simple, uniq_jessica,
          uniq_grinder
D:4:      layout_basic, minmay_temple_entry_nine_rooms, minmay_misc_feat_doors,
          minmay_misc_feat_alley, dk_vineyard_1, minmay_misc_feat_pillars
D:5:      layout_loops_cross, kiku_gazebo_pond_becter,
          gammafunk_temple_overflow_pools, nicolae_ossuary_entry_ruins
D:6:      layout_basic, lemuel_round_altar
D:7:      layout_loops_corners
D:8:      layout_basic, gammafunk_temple_overflow_elements, uniq_gastronok,
          uniq_psyche
Temple:   cyrus_circular_temple

Skill      XL: |  1  2  3  4  5  6  7  8  9 |
---------------+----------------------------+-----
Fighting       | 1 3 4 5 6 |  6.4
Transmutations | 2 3 4 5 6 |  6.1
Spellcasting   | 3 4 5 6 7 |  7.0
Poison Magic   | 4 5 6 |  6.7
Air Magic      | 1 2 3 4 |  4.7
Dodging        | |  1.7
Stealth        | |  1.7

Action                   |  1- 3 |  4- 6 |  7- 9 || total
-------------------------+-------+-------+-------++-------
Melee: Unarmed           |    36 |       |       ||    36
       Tailslap          |     6 |     2 |    30 ||    38
       Dagger            |    10 |     7 |       ||    17
       Staff             |       |    20 |   307 ||   327
 Cast: Sting             |    53 |    87 |    86 ||   226
       Olgreb's Toxic Ra |       |       |    30 ||    30
       Ignite Poison     |       |       |    23 ||    23
       Poisonous Vapours |       |       |    28 ||    28
       Corona            |       |       |     3 ||     3
  Use: Scroll            |       |     9 |     1 ||    10
       Potion            |       |       |     3 ||     3
 Stab: Sleeping          |     1 |       |       ||     1
Armor: Skin              |    45 |    24 |   128 ||   197
Dodge: Dodged            |    73 |    60 |   244 ||   377

Table legend: (Time is in decaauts)
 A = Elapsed time spent in this place.
 B = Non-inter-level travel time spent in this place.
 C = Inter-level travel time spent in this place.
 D = Time resting spent in this place.
 E = Time spent auto-exploring this place.
 F = Levels seen in this place.
 G = Mean time per level.
                   A        B        C        D        E       F      G
               +--------+--------+--------+--------+--------+-----+--------+
         Total |  12251 |  11809 |    442 |   2776 |   6931 |   9 | 1361.2 |
       Dungeon |  12192 |  11758 |    434 |   2776 |   6881 |   8 | 1524.0 |
        Temple |     59 |     51 |      8 |      0 |     50 |   1 |   59.0 |
               +--------+--------+--------+--------+--------+-----+--------+

Top non-repeatable levels by time:
     D:7: 2412 daAuts
     D:4: 1659 daAuts
     D:8: 1568 daAuts
     D:2: 1547 daAuts
     D:5: 1355 daAuts
     D:3: 1282 daAuts
     D:1: 1202 daAuts
     D:6: 1163 daAuts
  Temple: 59 daAuts
